AoeStats
← Edzongi

Lombardia

509565910Analyzed
4v4 RM · 6d ago on Sep 27, 2026· 38m 57s· 8 players
Game mode
Random Map
Map size
Large (8 player)
Population
200
Speed
Normal
Resources
Standard
Victory
Conquest
Starting age
Dark Age
Ending age
Imperial Age
RankedLock teamsTeams togetherTeam positionsShared explorationLock speedFull tech treeHidden civsTurbo modeCheats
Victory
Defeat
🇨🇳 Persians · China
762
+8
🇲🇽 Goths · Mexico
726
+9
🇦🇺 Huns · Australia
479
+19
🇮🇪 Spanish · Ireland
432
+21
🇵🇱 Poles · Poland
710
-20
🇫🇷 Goths · France
590
-30
🇺🇸 Maya · United States
488
-11
🇳🇱 Turks · Netherlands
467
-11
raphbarque
20:01 Feudal Age
22:45 Man-at-Arms
salama20
1:13 Loom
14:31 Feudal Age
17:17 Wheelbarrow
18:33 Forging
18:25 Scale Mail Armor
19:18 Double-Bit Axe
19:16 Horse Collar
25:12 Castle Age
24:55 Arson
26:44 Iron Casting
26:25 Chain Mail Armor
26:37 Squires
26:58 Heavy Plow
28:29 Eagle Warrior
29:50 Hand Cart
29:34 Gold Mining
29:37 Stone Mining
31:03 Treadmill Crane
32:19 Bow Saw
33:02 Town Watch
34:10 Coinage
36:16 Caravan
41:22 Imperial Age
Edzongi
1:32 Loom
14:28 Feudal Age
16:44 Wheelbarrow
15:58 Double-Bit Axe
16:45 Horse Collar
17:00 Town Watch
23:47 Gold Mining
23:50 Stone Mining
28:42 Castle Age
26:27 Man-at-Arms
27:14 Arson
30:01 Hand Cart
29:46 Town Patrol
31:30 Bow Saw
32:49 Gold Shaft Mining
32:05 Long Swordsman
Cherr
12:01 Feudal Age
18:28 Castle Age
18:47 Double-Bit Axe
18:44 Horse Collar
18:58 Stone Mining
19:58 Pikeman
23:42 Wheelbarrow
24:24 Bow Saw
24:47 Fletching
26:21 Heavy Plow
27:00 Szlachta Privileges
27:16 Elite Skirmisher
29:42 Gold Mining
30:50 Scale Barding Armor
32:48 Treadmill Crane
33:30 Ballistics
34:00 Forging
34:11 Chain Barding Armor
34:07 Thumb Ring
33:54 Town Watch
35:13 Bloodlines
34:23 Light Cavalry
35:04 Husbandry
37:03 Iron Casting
39:04 Padded Archer Armor
pedrogragui
7:51 Loom
11:44 Feudal Age
13:07 Wheelbarrow
12:21 Double-Bit Axe
12:19 Horse Collar
24:08 Castle Age
23:23 Scale Barding Armor
23:29 Forging
25:22 Husbandry
24:43 Light Cavalry
26:05 Hand Cart
29:46 Coinage
29:17 Caravan
31:24 Bow Saw
34:12 Chain Barding Armor
34:28 Iron Casting
gdaime
3:15 Loom
14:23 Feudal Age
15:08 Horse Collar
15:51 Double-Bit Axe
21:36 Gold Mining
21:36 Stone Mining
27:24 Castle Age
25:56 Forging
26:05 Scale Mail Armor
26:50 Scale Barding Armor
26:53 Fletching
27:15 Padded Archer Armor
30:07 Gold Shaft Mining
29:45 Bow Saw
29:40 Heavy Plow
31:05 Caravan
35:09 Wheelbarrow
34:20 Town Watch
38:08 Hand Cart
37:55 Town Patrol
40:35 Imperial Age
shadowdxg
12:13 Feudal Age
13:45 Wheelbarrow
13:01 Double-Bit Axe
13:27 Horse Collar
20:05 Castle Age
21:20 Hand Cart
21:32 Bow Saw
21:35 Gold Mining
21:42 Stone Mining
24:59 Heavy Plow
24:43 Pikeman
25:32 Fletching
30:01 Anarchy
30:45 Squires
34:17 Imperial Age
32:43 Caravan
33:28 Man-at-Arms
34:06 Long Swordsman
35:04 Forging
34:54 Scale Mail Armor
35:00 Perfusion
35:21 Conscription
34:42 Two-Handed Swordsman
35:53 Champion
37:45 Crop Rotation
38:26 Two-Man Saw
星河船泊
0:43 Loom
2:51 Loom
9:04 Feudal Age
17:20 Castle Age
15:31 Double-Bit Axe
16:07 Stone Mining
17:02 Gold Mining
16:59 Horse Collar
20:53 Bow Saw
22:32 Heavy Plow
34:55 Imperial Age
33:38 Wheelbarrow
33:25 Bloodlines
33:21 Husbandry
33:17 Fletching
34:16 Forging
34:12 Scale Barding Armor
34:05 Bodkin Arrow
35:23 Hand Cart
35:22 Town Watch
36:22 Iron Casting
36:11 Conscription
37:17 Masonry
38:08 Chemistry
37:05 Murder Holes
37:31 Ballistics
37:35 Chain Barding Armor
37:18 Padded Archer Armor
37:49 Town Patrol
38:42 Hoardings
38:10 Kamandaran
38:22 Citadels
39:55 Two-Man Saw
39:29 Crop Rotation
39:39 Gold Shaft Mining
39:45 Stone Shaft Mining
Connection lost

Rejoining the realm…

Still unreachable

The connection could not be restored.

Session expired

The server has moved on; the page needs a fresh start.